 Dungeon Crawl Stone Soup version 0.31.0-1-g2c135a0 (webtiles) character file.

Game seed: 10894068972014839167

824253 bonscott the Wishgranter (level 27, 0/210 HPs)
             Began as a Djinni Conjurer on Feb 17, 2024.
             Was the Champion of Makhleb.
             Killed from afar by the Serpent of Hell (3 damage)
             ... with a fireball
             ... on level 7 of Gehenna on Feb 21, 2024.
             The game lasted 14:22:10 (75648 turns).

bonscott the Wishgranter (Djinni Conjurer)         Turns: 75648, Time: 14:22:10

Health: 0/210      AC: 24    Str: 19    XL:     27
Gold:   8115       EV: 23    Int: 42    God:    Makhleb [******] SH: 27 Dex: 17

rFire   + + +        x - +8 trident of Avant Garde Innocence {vamp, rElec rN+ Int+3}
rCold   + + +        Q - +8 tower shield {reflect}
rNeg    + + +        v - quicksilver dragon scales
rPois   ∞            G - +1 helmet of Ivigiw {rC++ rCorr}
rElec   +            y - +1 cloak of Starlight {*Dazzle EV+4 Stlth--}
rCorr   +            o - -1 pair of gloves of Lust {rC+ Dex+2}
SInv    +            (boots unavailable)
Will    +++++        w - amulet of regeneration Stlth
                     i - ring "Qutehodo" {^Drain Will+ Str+4 Int+6 Dex+2}
HPRegen 1.35/turn    C - ring of Generosity {Int+4 SInv}
MPRegen 0.00/turn

%: reflection, infuse magic (-1 HP)
@: death-form, weakened, flying, studying 3 skills, unable to read
A: vile attack, torment immunity, no potions, flying, sickness immunity, fire
resistance 2, cold vulnerability 1, float, innate caster, HP casting, extra
vitality 1, (berserk 1), no potion heal 1, sturdy frame 1
}: 6/15 runes: decaying, slimy, silver, icy, abyssal, gossamer
a: Siphon Essence, Begin Untransformation, Renounce Religion, Minor Destruction,
Lesser Servant of Makhleb, Major Destruction, Greater Servant of Makhleb


You were on level 7 of Gehenna.
You worshipped Makhleb.
Makhleb was exalted by your worship.
You were an undying horror.
You visited 15 branches of the dungeon, and saw 70 of its levels.
You visited Pandemonium 1 time, and saw 5 of its levels.
You visited the Abyss 7 times.
You also visited: Ossuary, Ice Cave, Volcano and Wizlab.

You collected 9362 gold pieces.
You spent 1247 gold pieces at shops.

Inventory:

Hand Weapons
 c - the +11 rapier "Motsih" {spect, +Blink Int+5}
   (You found it on level 3 of the Spider Nest)

   Int+5:     It affects your intelligence (+5).
   +Blink:    It lets you blink.
 x - the +8 trident of Avant Garde Innocence (weapon) {vamp, rElec rN+ Int+3}
   (You took it off a skeletal warrior on level 3 of the Crypt)

   Int+3:     It affects your intelligence (+3).
   rElec:     It insulates you from electricity.
   rN+:       It protects you from negative energy.
Missiles
 E - a throwing net
 O - 6 curare-tipped darts
 P - 11 silver javelins
Armour
 o - the -1 pair of gloves of Lust (worn) {rC+ Dex+2}
   (You found it on level 5 of the Pits of Slime)

   Dex+2:     It affects your dexterity (+2).
   rC+:       It protects you from cold.
 v - quicksilver dragon scales (worn)
 y - the +1 cloak of Starlight (worn) {*Dazzle EV+4 Stlth--}
   (You found it in a wizard's laboratory)

   *Dazzle:   It may blind those who miss an attack against the wearer in melee
   combat.
   EV+4:      It affects your evasion (+4).
   Stlth--:   It makes you much less stealthy.
 G - the +1 helmet of Ivigiw (worn) {rC++ rCorr}
   (You found it in an ice cave)

   rC++:      It greatly protects you from cold.
   rCorr:     It protects you from acid and corrosion.
 Q - a +8 tower shield of reflection (worn)
Jewellery
 i - the ring "Qutehodo" (left hand) {^Drain Will+ Str+4 Int+6 Dex+2}
   (You acquired it on level 4 of the Lair of Beasts)

   [ring of intelligence]

   Str+4:     It affects your strength (+4).
   Int+6:     It affects your intelligence (+6).
   Dex+2:     It affects your dexterity (+2).
   Will+:     It increases your willpower.
   ^Drain:    It drains your maximum health when unequipped.
 w - an amulet of regeneration (around neck)
 C - the ring of Generosity (right hand) {Int+4 SInv}
   (You bought it in a shop on level 12 of the Dungeon)

   [ring of see invisible]

   Int+4:     It affects your intelligence (+4).
   SInv:      It lets you see invisible.
 M - the ring of Ehucidoif {rElec rN+ Slay+3}
   (You took it off a skeletal warrior on level 3 of the Crypt)

   [ring of positive energy]

   Slay+3:    It affects your accuracy & damage with ranged weapons and melee
   (+3).
   rElec:     It insulates you from electricity.
   rN+:       It protects you from negative energy.
Talismans
 W - the death talisman of the Hecatoncheires (active) {rF+ Str+5}
   (You found it on level 3 of the Crypt)

   [talisman of death]

   Str+5:     It affects your strength (+5).
   rF+:       It protects you from fire.
Wands
 f - a wand of digging (24)
 u - a wand of acid (19)
 I - a wand of iceblast (104)
 J - a wand of mindburst (5)
 Z - a wand of charming (53)
Scrolls
 j - 26 scrolls of teleportation
 k - 8 scrolls of blinking
 q - 8 scrolls of fog
 r - 3 scrolls of revelation
 s - 11 scrolls of fear
 t - 5 scrolls of vulnerability
 K - 6 scrolls of silence
 R - 13 scrolls of poison
 U - 6 scrolls of immolation
 X - 3 scrolls of summoning
Potions
 d - 10 potions of enlightenment
 g - 7 potions of heal wounds
 h - 6 potions of invisibility
 l - 4 potions of brilliance
 m - 8 potions of ambrosia
 n - 24 potions of curing
 A - 4 potions of haste
 D - 11 potions of lignification
 H - 10 potions of resistance
 L - 3 potions of mutation
 N - 8 potions of might
 V - 3 potions of attraction
 Y - 2 potions of cancellation
Miscellaneous
 e - a tin of tremorstones (1/2)
 p - a box of beasts
 B - a lightning rod (4/4)
 F - a phial of floods (inert)
 T - a phantom mirror (inert)


   Skills:
 + Level 21.6 Fighting
 - Level 21.0 Armour
 - Level 16.0 Dodging
 - Level 1.5 Stealth
 - Level 15.0 Shields
 O Level 27 Spellcasting
 O Level 27 Conjurations
 O Level 27 Hexes
 O Level 27 Summonings
 O Level 27 Necromancy
 O Level 27 Translocations
 O Level 27 Fire Magic
 O Level 27 Ice Magic
 O Level 27 Air Magic
 O Level 27 Earth Magic
 O Level 27 Alchemy
 - Level 6.0 Invocations
 - Level 12.0 Evocations
 - Level 23.0 Shapeshifting


You knew the following spells:

 Your Spells              Type           Power      Damage    Failure   Level
a - Summon Small Mammal   Summ           100%       N/A       0%          1
b - Call Imp              Summ           100%       N/A       0%          2
c - Ignite Poison         Fire/Alch      100%       N/A       0%          4
d - Magic Dart            Conj           100%       1d8       0%          1
e - Enfeeble              Hex            68%        N/A       0%          7
f - Fulminant Prism       Conj/Alch      68%        3d28      0%          4
g - Ensorcelled Hibernat  Hex/Ice        100%       N/A       0%          2
h - Summon Horrible Thin  Summ           68%        N/A       1%          8
i - Iskenderun's Battles  Conj           100%       2d15      0%          5
m - Iskenderun's Mystic   Conj/Tloc      100%       2d19      0%          4
n - Ignition              Fire           68%        3d18      1%          8
o - Orb of Destruction    Conj           68%        9d16      0%          7
p - Plasma Beam           Fire/Air       68%        2x1d84    0%          6
r - Searing Ray           Conj           100%       2d8       0%          2
s - Starburst             Conj/Fire      68%        6d18      0%          6
t - Shatter               Erth           68%        3d50*     1%          9
y - Martyr's Knell        Necr/Summ      100%       N/A       0%          4
Your spell library was empty.

Dungeon Overview and Level Annotations

Branches:
Dungeon (15/15)            Temple (1/1) D:7            Lair (5/5) D:8
  Swamp (4/4) Lair:3       Spider (4/4) Lair:2        Slime (5/5) Lair:5
    Orc (2/2) D:10            Elf (3/3) Orc:2        Vaults (5/5) D:13
  Crypt (3/3) Vaults:3       Tomb (0/3) Crypt:3      Depths (4/4) D:15
   Hell (visited)             Dis (0/7) Hell            Geh (7/7) Hell
    Coc (7/7) Hell            Tar (0/7) Hell            Zot (4/5) Depths:4
Ossuary (visited)           IceCv (visited)         Volcano (visited)
 WizLab (visited)

Altars:
Ashenzari
Cheibriados
Dithmenos
Elyvilon
Fedhas
Gozag
Hepliaklqana
Makhleb
Nemelex Xobeh
Okawaru
Qazlal
Ru
Trog
Uskayaw
Wu Jian
Xom
Yredelemnul
Zin
The Shining One
Jiyva
Lugonu

Shops:
D:10 *   D:12 =   D:13 (   Orc:2 [[=!*   Vaults:2 (   Vaults:3 ?   Zot:1 *
Depths:1 =:=

Portals:
Hell: Depths:1 Depths:2 Depths:3 Depths:4
Abyss: Lair:5 Depths:3
Pandemonium: Depths:1 Depths:2
Ziggurat: Depths:4

Annotations:
Depths:2 2 transporters, Jeut's ghost, veteran MiFi
Geh:7 Serpent of Hell


Innate Abilities, Weirdness & Mutations

You are an undying horror.
Your melee and unarmed attacks drain, slow and weaken victims.
You are immune to unholy pain and torment.
You cannot drink.
You are flying.
You are immune to sickness and miasma.
You are immune to poison.
Your flesh is very heat resistant. (rF++)
You are vulnerable to cold. (rC-)
You float through the air rather than walking.
You learn spells naturally, not from books.
Your magical power is your life essence.
You have superior vitality. (+4 MHP)
((You sometimes lose your temper in combat.))
Potions are less effective at restoring your health.
Your movements are slightly less encumbered by armour. (ER -2)


Message History

A salamander tyrant comes into view.
Casting: Iskenderun's Mystic Blast (safe; 0% risk of failure)
Confirm with . or Enter, or press ? or * to list all spells.
You erupt in a blast of force!
The mystic blast hits the storm dragon!
The storm dragon is almost dead.
The storm dragon is knocked back by the mystic blast.
* * * LOW HITPOINT WARNING * * *
The hellephant blinks!
The salamander tyrant gazes fiercely through you!
You feel as though you will be weak longer.
Casting: Iskenderun's Mystic Blast (safe; 0% risk of failure)
Confirm with . or Enter, or press ? or * to list all spells.
You erupt in a blast of force!
The mystic blast hits the storm dragon!!
The storm dragon is almost dead.
The storm dragon is knocked back by the mystic blast.
The mystic blast hits the Serpent of Hell!
The Serpent of Hell is almost dead.
The mystic blast hits the storm dragon but does no damage.
The storm dragon is almost dead.
* * * LOW HITPOINT WARNING * * *
You block the storm dragon's attack. x3
Casting: Iskenderun's Mystic Blast (safe; 0% risk of failure)
Confirm with . or Enter, or press ? or * to list all spells.
You erupt in a blast of force!
The mystic blast hits the storm dragon!
You kill the storm dragon!
The storm dragon's corpse disappears in a puff of smoke!
The mystic blast hits the storm dragon!!
You kill the storm dragon!
The storm dragon's corpse disappears in a puff of smoke!
* * * LOW HITPOINT WARNING * * *
A stoker comes into view.
The Serpent of Hell breathes flames at you.
The blast of flame misses you.
The Serpent of Hell breathes flames at you.
The blast of flame engulfs you but does no damage.
You resist.
The Serpent of Hell breathes fire at you.
The fireball explodes!
The fireball engulfs you. You resist.
You die...

#.##... ##....# ###
.......#....#..####.####
#.......§§..............
....§Y≈.§§§.§≈§§...#...∩
#..≈≈§≈§§§≈§§≈§§≈≈≈≈≈..
##..≈≈≈§§○≈§§≈§§≈≈≈≈≈≈§.
....≈≈○○○≈§§§§≈≈≈§§≈≈≈§§
#..n≈≈§z§§≈§.§≈≈≈≈≈≈§§§#
L..N≈≈○☼○§§..≈≈≈§§#≈≈§§≈
...§§§○§§≈≈§≈≈≈≈≈≈≈§§§≈.
..§≈§§≈☼.§§§≈≈≈##§§≈≈≈≈≈
..§§≈≈≈D.§§§§≈§ #≈≈§≈≈§§
...§§§§≈≈§≈≈§§. §§§≈§§§.
#..≈§§≈§≈§≈.§.§ §≈≈§§§≈.
...≈§..≈≈≈≈!.§≈ ≈≈##§≈≈.
#.#≈≈..≈§§§§! ≈≈..≈≈§#


You could see the Serpent of Hell (catching breath), a hellephant, a searing
wretch, a stoker and a salamander tyrant.

Vanquished Creatures
  Antaeus (Coc:7)
  the Royal Jelly (Slime:5)
  4 dread liches
  3 ancient liches
  Mennas (Depths:4)
  3 orbs of fire
  3 pandemonium lords (Pan)
  Vv (Depths:4)
  Boris (thrice) (Vaults:1 Depths:1 Crypt:1)
  31 shard shrikes
  A curse toe (Zot:3)
  Geryon (Hell)
  10 golden dragons
  Nikola (Elf:1)
  The ghost of Waammiq the Devastator, a veteran GrEE of Lugonu (Crypt:1)
  3 profane servitors
  Norris (Depths:1)
  An electric golem (Zot:2)
  An iron giant (Hell)
  A Tzitzimitl (Pan)
  6 Brimstone Fiends
  7 hellephants
  5 liches
  4 bone dragons
  A shard shrike skeleton (Crypt:2)
  Jorgrun (D:13)
  Mlioglotl (Swamp:4)
  16 titans
  A walking earthen tome (Depths:2)
  23 Ice Fiends
  Rupert (Lair:4)
  14 searing wretches
  17 tentacled monstrosities
  4 deep elf blademasters (Elf:3)
  8 quicksilver dragons
  4 deep elf master archers (Elf:3)
  5 sphinxes
  4 Executioners
  22 acid blobs
  2 ancient champions (Hell)
  10 death cobs
  Frances (D:13)
  2 eldritch tentacles (WizLab)
  13 tentacled starspawn
  5 shadow dragons
  8 tengu reavers
  Kirke (Lair:4)
  3 revenants
  Roxanne (Spider:1)
  20 azure jellies
  A demonspawn warmonger (Pan)
  A fenstrider witch (Swamp:4)
  6 storm dragons
  Donald (Swamp:1)
  24 narguns
  23 rockslimes
  2 protean progenitors (Zot:1)
  2 iron dragons (Vaults:5)
  9 draconian scorchers
  A deep elf elementalist (Abyss:5)
  15 vault wardens
  9 draconian shifters
  4 deep elf sorcerers (Elf:3)
  13 fire giants
  9 draconian monks
  14 balrugs
  10 shard shrike simulacra
  22 frost giants
  A juggernaut zombie (Crypt:3)
  3 draconian knights
  A caustic shrike zombie (Hell)
  3 curse skulls
  8 emperor scorpions
  6 reapers
  3 orc warlords
  20 very ugly things
  13 stone giants
  4 draconian stormcallers
  10 ghost moths
  A draconian annihilator (Zot:2)
  A spriggan defender (Depths:2)
  8 quicksilver oozes
  The ghost of realgeorgebush46 the Fencer, a journeyman GrMo of Ru (Spider:3)
  4 cacodemons (Pan)
  14 ghouls
  4 broodmothers
  25 ironbound preservers
  3 demonspawn blood saints (Pan)
  10 formless jellyfish
  An ophan (Abyss:3)
  3 caustic shrike skeletons
  11 ironbound thunderhulks
  3 eleionomae (Swamp:1)
  2 demonspawn black suns (Pan)
  2 deep elf demonologists
  12 green draconians
  6 vampire knights
  26 elemental wellsprings
  11 black draconians
  5 deep elf annihilators
  14 dire elephants
  9 deep elf death magi
  5 war gargoyles
  4 red draconians
  8 lorocyprocas
  12 purple draconians
  23 wendigos
  4 yellow draconians
  8 green deaths
  4 bunyips
  Azrael (D:13)
  18 spark wasps
  13 white draconians
  A mummy priest (Crypt:3)
  4 crystal guardians (Vaults:2)
  12 ettins
  12 eidola
  7 jiangshi (Crypt:1)
  4 blizzard demons (Pan)
  2 iron golems (Hell)
  Josephine (Orc:2)
  5 entropy weavers
  3 shambling mangroves
  4 fire dragons
  2 deep elf high priests
  16 yaktaur captains
  18 great orbs of eyes
  38 vault guards
  The ghost of bonegar the Summoner, a journeyman NaEn of Qazlal (D:11)
  13 salamander tyrants
  9 ice dragons
  5 peacekeepers
  20 hydras
  2 hell beasts (Pan)
  7 stokers
  7 juggernaut simulacra
  2 jorogumos
  10 rakshasas
  12 ironbound frosthearts
  6 radroaches
  A catoblepas (Lair:2)
  2 spriggan air magi
  2 ghost crabs (Swamp:4)
  14 caustic shrike simulacra
  A sphinx zombie (Crypt:1)
  8 alligators
  9 two-headed ogres
  4 ogre magi
  3 death knights
  A spriggan skeleton (Crypt:1)
  4 centaur warriors
  38 dancing weapons
  A satyr (Zot:1)
  A death yak (Lair:4)
  9 boulder beetles
  31 hell hogs
  2 tengu warriors (Depths:2)
  An occultist (Abyss:5)
  A titan zombie (Crypt:3)
  16 demonic crawlers
  3 deep troll shamans
  5 orc high priests
  4 deep troll earth magi
  12 thrashing horrors
  5 vampire magi
  4 spriggan berserkers
  27 sun demons
  Sonja (Lair:4)
  8 wretched stars
  17 hell knights
  Amaemon (Lair:1)
  14 soul eaters
  A storm dragon zombie (Crypt:3)
  4 skysharks
  19 deep elf knights
  4 shadow wraiths
  3 spatial maelstroms
  2 skysharks (shapeshifter)
  6 iron trolls
  7 flayed ghosts
  13 sixfirhies
  13 goliath frogs
  28 skeletal warriors
  11 pharaoh ants
  3 sun moths
  4 spriggan druids
  5 quicksilver dragon simulacra
  3 kraken simulacra (Coc:7)
  A storm dragon skeleton (WizLab)
  3 obsidian statues
  7 orb spiders
  2 tengu zombies
  A mana viper (shapeshifter) (Vaults:4)
  9 arcanists
  6 deep elf archers
  10 glowing orange brains
  10 shadow demons (Pan)
  55 deep trolls
  A golden dragon zombie (Depths:2)
  33 deep elf zephyrmancers
  25 large abominations
  An anaconda skeleton (Crypt:1)
  Pikel (D:9)
  2 orange crystal statues (Abyss:5)
  24 phantasmal warriors
  5 lindwurms
  A harpy (shapeshifter) (D:14)
  11 swamp dragons
  16 spriggan simulacra
  4 bog bodies
  A swamp dragon (shapeshifter) (Elf:3)
  A shadow dragon zombie (Crypt:3)
  10 orc knights
  22 deep elf pyromancers
  14 ironbound convokers
  5 steelbarb worms
  9 harpies
  2 stone giant zombies
  A sphinx simulacrum (Depths:2)
  2 steelbarb worms (shapeshifter)
  16 necromancers
  A cyclops (shapeshifter) (Depths:3)
  2 iron dragon zombies (Crypt:3)
  19 wolf spiders
  2 manticores
  29 moths of wrath
  A manticore (shapeshifter) (WizLab)
  39 ugly things
  4 oklob plants
  8 orc sorcerers
  5 will-o-the-wisps
  2 worldbinders
  4 salamanders (Volcano)
  A frost giant zombie (Depths:2)
  5 cyclopes
  10 shining eyes
  A meliai (shapeshifter) (D:13)
  A meliai (Spider:4)
  A dire elephant zombie (Crypt:3)
  A black mamba (shapeshifter) (Lair:5)
  5 naga zombies
  9 elephants (Lair:5)
  9 molten gargoyles
  4 black mambas
  2 kobold blastminers (Orc:2)
  3 rust devils (Hell)
  A guardian serpent (Abyss:3)
  23 vault sentinels
  7 orange demons
  8 titan simulacra
  3 ice statues (Coc:7)
  3 gargoyles
  A torpor snail (shapeshifter) (Depths:1)
  4 eyes of devastation
  2 centaur skeletons (D:15)
  5 torpor snails
  Joseph (D:9)
  An eye of devastation (shapeshifter) (Vaults:5)
  A catoblepas zombie (Crypt:2)
  An apocalypse crab (Abyss:1)
  3 unseen horrors
  A dire elephant skeleton (Crypt:1)
  A storm dragon simulacrum (Coc:1)
  10 cane toads
  10 komodo dragons
  5 kobold demonologists (D:11)
  19 hellions
  A rime drake (Lair:3)
  21 smoke demons
  15 freezing wraiths
  3 efreet
  19 ice devils
  An unseen horror zombie (Crypt:1)
  31 yaktaurs
  13 anaconda simulacra
  4 golden dragon simulacra
  A guardian mummy (Crypt:3)
  6 iron giant simulacra
  A great orb of eyes zombie (Crypt:1)
  4 red devils
  3 tengu conjurers
  A redback zombie (Crypt:1)
  A bunyip simulacrum (Coc:2)
  9 tormentors
  8 harpy zombies
  6 ancient zymes
  2 trolls
  4 alligator simulacra
  13 hellwings
  2 shadow dragon simulacra
  A polar bear (Vaults:3)
  31 tarantellas
  A death drake zombie (Crypt:2)
  6 tyrant leeches
  19 hornets
  33 blink frogs
  A raiju (shapeshifter) (Depths:4)
  7 dream sheep (Lair:4)
  4 glass eyes
  2 spriggan zombies
  15 raiju
  6 iron dragon simulacra
  3 stone giant simulacra
  4 centaur simulacra
  A slime creature (shapeshifter) (Depths:2)
  130 slime creatures
  10 wraiths
  32 jumping spiders
  A guardian serpent skeleton (Crypt:1)
  An ettin zombie (Vaults:4)
  13 culicivoras
  2 air elementals
  A black mamba zombie (Hell)
  6 wyverns
  A fire dragon skeleton (Crypt:1)
  5 water elementals
  2 ushabtiu (Crypt:3)
  A shadow (D:13)
  57 yaks
  10 spriggans
  14 ynoxinuls
  24 starcursed masses
  The ghost of samurai2 the Covered, an amateur MiFi (D:3)
  A vampire (D:12)
  A basilisk (shapeshifter) (D:15)
  7 hogs (Lair:4)
  A basilisk (Lair:1)
  3 fire elementals
  12 dire elephant simulacra
  The ghost of reshaube the Skirmisher, an amateur GnHu (D:3)
  15 chaos spawn
  A human (shapeshifter) (Crypt:1)
  47 redbacks
  13 golden eyes
  20 vampire mosquitoes
  10 neqoxecs
  5 humans (D:13)
  A faun zombie (Crypt:2)
  8 spatial vortices (Abyss:3)
  22 harpy simulacra
  5 minotaur simulacra (IceCv)
  17 swamp worms
  A glowing shapeshifter zombie (Depths:2)
  3 human zombies (Vaults:2)
  A demonspawn skeleton (Crypt:2)
  6 hydra simulacra
  14 hell hounds
  3 acid dragons
  A glowing shapeshifter skeleton (Vaults:2)
  14 water moccasins
  24 orc warriors
  An entropy weaver zombie (Vaults:4)
  10 swamp drakes
  4 sky beasts
  A black bear (shapeshifter) (D:15)
  6 black bears
  An ice beast (D:5)
  A sky beast (shapeshifter) (Lair:5)
  8 ettin simulacra
  27 laughing skulls
  An ogre skeleton (Vaults:3)
  5 ogres
  19 small abominations
  22 wolves
  The ghost of
  1313131 the Slasher, an amateur HuBe of Trog (D:3)
  8 centaurs
  8 boggarts
  A human skeleton (Vaults:3)
  A blink frog skeleton (Crypt:2)
  5 phantoms
  5 kobold brigands
  A weeping skull (Ossuary)
  Blork the orc (D:5)
  2 gnoll sergeants (D:13)
  A brain worm (Abyss:3)
  2 elf zombies (D:7)
  15 bullfrogs
  15 necrophages
  10 scorpions
  An elf skeleton (D:7)
  11 deep troll simulacra
  3 earth elementals
  8 wyvern skeletons (Crypt:3)
  A glowing shapeshifter simulacrum (Vaults:3)
  6 naga simulacra
  6 wights
  2 burial acolytes
  The ghost of samurai the Shield-Bearer, a weakling TrFi of Okawaru (D:3)
  A lindwurm simulacrum (IceCv)
  6 killer bees (D:9)
  A human simulacrum (Vaults:4)
  A troll skeleton (Crypt:1)
  2 howler monkeys (D:12)
  8 electric eels
  A bullfrog zombie (Crypt:1)
  2 centaur zombies
  4 quasits
  A wolf skeleton (Crypt:1)
  A crimson imp (Abyss:5)
  5 jellies
  A bombardier beetle (D:6)
  A gnoll bouda (D:10)
  22 orc priests
  7 hounds
  4 iguanas
  2 sleepcaps
  41 orc wizards
  7 hell rats
  The ghost of samurai the Ruffian, a weakling AtSh (D:3)
  4 mummies (Ossuary)
  A hound zombie (D:8)
  14 gnolls
  5 adders
  A swamp drake skeleton (Crypt:1)
  2 shadow imps (D:8)
  6 white imps
  4 ufetubi (D:6)
  An iguana zombie (Crypt:2)
  2 adder zombies (D:8)
  An iguana skeleton (Crypt:2)
  3 ribbon worms (Lair:2)
  53 orcs
  12 endoplasms
  4 giant cockroaches
  2 gnoll zombies (D:8)
  14 goblins
  6 hobgoblins
  17 jackals
  4 quokkas
  9 ball pythons
  3 bats
  8 frilled lizards
  A goblin skeleton (Crypt:1)
  31 kobolds
  4 kobold zombies
  2 orc skeletons (D:7)
  5 orc zombies
  4 rats
  2 aspiring fleshes (Zot:1)
  4 creeping infernos
  2 fire vortices
  19 fulminant prisms
  2 lurking horrors (Abyss:5)
  4 starspawn tentacles
  A tentacle (Coc:7)
3452 creatures vanquished.

Vanquished Creatures (collateral kills)
  A titan (Vaults:5)
  A tengu reaver (Vaults:5)
  A shadow dragon (Vaults:5)
  A frost giant (Vaults:5)
  A very ugly thing (Vaults:5)
  A war gargoyle (Vaults:5)
  An ettin (Vaults:5)
  2 yaktaur captains (Vaults:5)
  A deep elf archer (Vaults:5)
  A deep elf pyromancer (Vaults:5)
  A harpy (shapeshifter) (Vaults:5)
  An orc wizard (D:8)
  A white imp (D:5)
  2 orcs (D:8)
  A quokka (D:4)
  A kobold zombie (D:8)
18 creatures vanquished.

Vanquished Creatures (others)
  An eldritch tentacle (Pan)
  An azure jelly (Coc:2)
  A shard shrike simulacrum (Coc:3)
  A sun demon (Pan)
  A pharaoh ant (Spider:3)
  An orb spider (Spider:3)
  A culicivora (Spider:3)
  A fire elemental (Elf:3)
  2 harpy simulacra
  2 electric eels (D:13)
  3 ball lightnings (Pan)
  A fire vortex (Geh:7)
  11 foxfires
  318 fulminant prisms
  A lurking horror (Abyss:5)
  8 starspawn tentacles
  19 tentacles
373 creatures vanquished.

Grand Total: 3843 creatures vanquished

Notes
Turn   | Place    | Note
-------+----------+-------------------------------------------
     0 | D:1      | bonscott the Djinni Conjurer began the quest for the Orb.
     0 | D:1      | bonscott set off with the following spells memorised: Magic
                  | Dart, Searing Ray, Fulminant Prism, Iskenderun's Mystic
                  | Blast.
     0 | D:1      | Reached XP level 1. HP: 15/15 MP: 0/0
    71 | D:1      | Reached XP level 2. HP: 13/21 MP: 0/0
   306 | D:1      | Reached XP level 3. HP: 19/25 MP: 0/0
   306 | D:1      | Learned a level 1 spell: Summon Small Mammal
   649 | D:2      | Noticed an ogre
   720 | D:2      | Killed an ogre
   721 | D:2      | Reached skill level 5 in Spellcasting
   721 | D:2      | Reached skill level 5 in Conjurations
   721 | D:2      | Reached skill level 5 in Hexes
   721 | D:2      | Reached skill level 5 in Summonings
   721 | D:2      | Reached skill level 5 in Necromancy
   721 | D:2      | Reached skill level 5 in Translocations
   721 | D:2      | Reached skill level 5 in Fire Magic
   721 | D:2      | Reached skill level 5 in Ice Magic
   721 | D:2      | Reached skill level 5 in Air Magic
   721 | D:2      | Reached skill level 5 in Earth Magic
   721 | D:2      | Reached skill level 5 in Alchemy
   721 | D:2      | Reached XP level 4. HP: 22/31 MP: 0/0
   721 | D:2      | Reached XP level 5. HP: 25/35 MP: 0/0
   721 | D:2      | Learned a level 2 spell: Ensorcelled Hibernation
  1756 | D:3      | Found a runed translucent gate.
  1757 | D:3      | Found a runed translucent gate.
  1758 | D:3      | Found a runed translucent gate.
  1759 | D:3      | Noticed 1313131's ghost (amateur HuBe)
  1759 | D:3      | Noticed samurai2's ghost (amateur MiFi)
  1760 | D:3      | Noticed samurai's ghost (weakling AtSh)
  1760 | D:3      | Noticed samurai's ghost (weakling TrFi)
  1760 | D:3      | Noticed reshaube's ghost (amateur GnHu)
  2095 | D:3      | Found a hazy altar of Hepliaklqana.
  2100 | D:3      | Reached XP level 6. HP: 37/40 MP: 0/0
  2381 | D:3      | Found a faded altar of an unknown god.
  2891 | D:4      | Noticed a sky beast
  2925 | D:4      | Found the +0 toga "Victory" {*Victory Clar}
  3568 | D:4      | Killed a sky beast
  3569 | D:4      | Reached XP level 7. HP: 21/45 MP: 0/0
  3569 | D:4      | Learned a level 2 spell: Call Imp
  3868 | D:5      | Entered Level 5 of the Dungeon
  3906 | D:5      | Noticed Blork the orc
  3915 | D:5      | Killed Blork the orc
  4365 | D:5      | Reached XP level 8. HP: 34/50 MP: 0/0
  4663 | D:5      | Found a broken altar of Ashenzari.
  4675 | D:5      | Noticed a yak
  4675 | D:5      | Noticed a yak
  4681 | D:5      | Killed a yak
  4684 | D:5      | Noticed a yak
  4687 | D:5      | Killed a yak
  4693 | D:5      | Killed a yak
  4730 | D:5      | Noticed a yak
  4749 | D:5      | Noticed a yak
  4757 | D:5      | Noticed a yak
  4764 | D:5      | Killed a yak
  4764 | D:5      | Killed a yak
  4765 | D:5      | Reached XP level 9. HP: 39/55 MP: 0/0
  4765 | D:5      | Learned a level 4 spell: Ignite Poison
  5342 | D:6      | Reached skill level 10 in Spellcasting
  5342 | D:6      | Reached skill level 10 in Conjurations
  5342 | D:6      | Reached skill level 10 in Hexes
  5342 | D:6      | Reached skill level 10 in Summonings
  5342 | D:6      | Reached skill level 10 in Necromancy
  5342 | D:6      | Reached skill level 10 in Translocations
  5342 | D:6      | Reached skill level 10 in Fire Magic
  5342 | D:6      | Reached skill level 10 in Ice Magic
  5342 | D:6      | Reached skill level 10 in Air Magic
  5342 | D:6      | Reached skill level 10 in Earth Magic
  5342 | D:6      | Reached skill level 10 in Alchemy
  6116 | D:7      | Found a staircase to the Ecumenical Temple.
  6125 | Temple   | Entered the Ecumenical Temple
  6251 | D:7      | Found a sand-covered staircase.
  6259 | Ossuary  | Entered an ossuary
  6912 | D:7      | Reached XP level 10. HP: 52/60 MP: 0/0
  7003 | D:7      | Found a sacrificial altar of Ru.
  7093 | D:7      | Identified the +0 cloak "Qamuj" {rC- Regen+ Int-3 Dex+8}
  7721 | D:8      | Found a glowing golden altar of the Shining One.
  7963 | D:8      | Reached skill level 1 in Armour
  7969 | D:8      | Noticed a komodo dragon
  7980 | D:8      | Killed a komodo dragon
  8038 | D:8      | Found a staircase to the Lair.
  8058 | D:8      | Identified the +3 spear "Cuafibuw" {flame, Will++ Str+5
                  | Int-5}
  8171 | D:8      | Reached skill level 1 in Fighting
  8567 | D:8      | Found a blossoming altar of Fedhas.
  8656 | D:8      | Reached XP level 11. HP: 63/71 MP: 0/0
  8656 | D:8      | Learned a level 4 spell: Martyr's Knell
  9287 | D:9      | Found a shimmering altar of Xom.
  9441 | D:9      | Identified the flux talisman of Disguise {*Corrode Str+6
                  | Dex+3}
  9595 | D:9      | Noticed Pikel
  9605 | D:9      | Killed Pikel
  9606 | D:9      | Reached skill level 5 in Fighting
  9647 | D:9      | Found an ornate altar of the Wu Jian Council.
  9879 | D:9      | Noticed a two-headed ogre
  9907 | D:9      | Killed a two-headed ogre
 10111 | D:9      | Noticed Joseph
 10125 | D:9      | Killed Joseph
 10335 | D:10     | Entered Level 10 of the Dungeon
 10430 | D:10     | Found a staircase to the Orcish Mines.
 10431 | D:10     | Found Yfaph's Assorted Antiques.
 10521 | D:10     | Reached skill level 5 in Armour
 10724 | D:10     | Bought a scroll labelled XUKEOPLYHOQA for 31 gold pieces
 10724 | D:10     | Bought a scroll labelled PAGGUU VEUDD for 31 gold pieces
 11071 | D:10     | Noticed a cyan ugly thing
 11095 | D:10     | Killed a cyan ugly thing
 11408 | D:10     | Found a burning altar of Makhleb.
 11408 | D:10     | Noticed an Executioner
 11414 | D:10     | Became a worshipper of Makhleb the Destroyer
 11491 | D:11     | Reached XP level 12. HP: 83/86 MP: 0/0
 11491 | D:11     | Noticed a centaur warrior
 11846 | Lair:1   | Entered Level 1 of the Lair of Beasts
 11846 | Lair:1   | Noticed Amaemon
 11859 | Lair:1   | Killed Amaemon
 11860 | Lair:1   | Reached skill level 5 in Dodging
 12006 | Lair:1   | Reached skill level 1 in Invocations
 12623 | Lair:1   | Reached skill level 5 in Invocations
 12972 | Lair:2   | Reached * piety under Makhleb
 13330 | Lair:2   | Found a hole to the Spider Nest.
 13605 | Lair:2   | Reached XP level 13. HP: 86/94 MP: 0/0
 13605 | Lair:2   | Learned a level 5 spell: Iskenderun's Battlesphere
 13686 | Lair:2   | Noticed a catoblepas
 13699 | Lair:2   | Killed a catoblepas
 13924 | Lair:3   | Reached skill level 10 in Fighting
 14068 | Lair:3   | Reached ** piety under Makhleb
 14477 | Lair:3   | Noticed a seven-headed hydra
 14484 | Lair:3   | Killed a seven-headed hydra
 14497 | Lair:3   | Identified the +0 scale mail of Oqygaizops {-Tele rElec
                  | Will++ Str+3}
 14931 | Lair:3   | Found a staircase to the Swamp.
 15284 | Lair:3   | Reached *** piety under Makhleb
 15898 | Lair:4   | Noticed an eight-headed hydra
 15904 | Lair:4   | Killed an eight-headed hydra
 15919 | Lair:4   | Noticed Rupert
 15938 | Lair:4   | Killed Rupert
 15939 | Lair:4   | Reached XP level 14. HP: 82/107 MP: 0/0
 15998 | Lair:4   | Noticed Kirke
 16365 | Lair:4   | Noticed Sonja
 16384 | Lair:4   | Killed Sonja
 16583 | Lair:4   | Noticed a sphinx
 16620 | Lair:4   | Reached skill level 10 in Armour
 16901 | Lair:4   | Killed Kirke
 16948 | Lair:4   | Identified the +5 ring mail of the Ant {rN+ MP+9 Str+2
                  | SInv}
 17186 | Lair:4   | Identified a scroll of acquirement
 17188 | Lair:4   | Acquired the ring "Qutehodo" {^Drain Will+ Str+4 Int+6
                  | Dex+2}
 17219 | Lair:5   | Entered Level 5 of the Lair of Beasts
 17252 | Lair:5   | Reached **** piety under Makhleb
 17365 | Lair:5   | Found a dark tunnel.
 17376 | Volcano  | Entered a volcano
 17573 | Volcano  | Noticed a red draconian
 17581 | Volcano  | Killed a red draconian
 17660 | Volcano  | Noticed an orb of fire
 17767 | Volcano  | Noticed an orb of fire
 18033 | Lair:5   | Reached ***** piety under Makhleb
 18087 | Lair:5   | Reached XP level 15. HP: 99/112 MP: 0/0
 18087 | Lair:5   | Learned a level 6 spell: Starburst
 18115 | Lair:5   | Reached skill level 1 in Shields
 18466 | Lair:5   | Reached skill level 5 in Shields
 18573 | Lair:5   | Found a corrupted altar of Lugonu.
 18573 | Lair:5   | Found a one-way gate to the infinite horrors of the Abyss.
 18758 | Lair:5   | Found a viscous altar of Jiyva.
 18770 | Lair:5   | Found a staircase to the Slime Pits.
 19504 | D:11     | Found a transporter.
 19505 | D:11     | Noticed bonegar's ghost (journeyman NaEn)
 19517 | D:11     | Found a transporter.
 19976 | D:12     | Found Biamo Hocho's One-of-a-Kind Rings.
 20486 | D:12     | Reached ****** piety under Makhleb
 20707 | Orc:1    | Entered Level 1 of the Orcish Mines
 20824 | Orc:2    | Entered Level 2 of the Orcish Mines
 20962 | Orc:2    | Noticed Josephine
 20971 | Orc:2    | Killed Josephine
 21052 | Orc:2    | Noticed an orc warlord
 21058 | Orc:2    | Killed an orc warlord
 21070 | Orc:2    | Reached XP level 16. HP: 118/118 MP: 0/0
 21091 | Orc:2    | Found a staircase to the Elven Halls.
 21193 | Orc:2    | Reached skill level 10 in Shields
 21203 | Orc:2    | Found Ycamuwa's General Store.
 21930 | Orc:2    | Found Uthruupn's Distillery.
 21932 | Orc:2    | Found Bicaqixu's Armour Boutique.
 21935 | Orc:2    | Found Vaohuuk's Jewellery Shop.
 21935 | Orc:2    | Found Rumaraj's Antique Armour Boutique.
 22322 | Orc:2    | Bought 2 potions of enlightenment for 100 gold pieces
 22351 | Orc:2    | Bought a wand of digging (6) for 352 gold pieces
 22428 | D:12     | Bought the ring of Generosity {Int+4 SInv} for 516 gold
                  | pieces
 22528 | D:13     | Noticed Frances
 22554 | D:13     | Killed Frances
 22612 | D:13     | Noticed Azrael
 22731 | D:13     | Killed Azrael
 22790 | D:13     | Found Feechen's Antique Weapon Shoppe.
 23119 | D:13     | Found a gate to the Vaults.
 23280 | D:13     | Noticed Jorgrun
 23290 | D:13     | Killed Jorgrun
 23975 | D:13     | Bought a polished dagger for 217 gold pieces
 23975 | D:13     | Identified the +4 dagger of bonscott's Anguish {freeze,
                  | Int+4} (You bought it in a shop on level 13 of the Dungeon)
 24058 | D:14     | You are sucked into a shaft and drop 1 floor!
 24058 | D:15     | Entered Level 15 of the Dungeon
 24277 | D:15     | Reached skill level 10 in Dodging
 24668 | D:15     | Found a staircase to the Depths.
 25218 | D:14     | Reached XP level 17. HP: 126/126 MP: 0/0
 25218 | D:14     | Learned a level 7 spell: Enfeeble
 25619 | Spider:1 | Entered Level 1 of the Spider Nest
 25624 | Spider:1 | Reached skill level 15 in Spellcasting
 25624 | Spider:1 | Reached skill level 15 in Conjurations
 25624 | Spider:1 | Reached skill level 15 in Hexes
 25624 | Spider:1 | Reached skill level 15 in Summonings
 25624 | Spider:1 | Reached skill level 15 in Necromancy
 25624 | Spider:1 | Reached skill level 15 in Translocations
 25624 | Spider:1 | Reached skill level 15 in Fire Magic
 25624 | Spider:1 | Reached skill level 15 in Ice Magic
 25624 | Spider:1 | Reached skill level 15 in Air Magic
 25624 | Spider:1 | Reached skill level 15 in Earth Magic
 25624 | Spider:1 | Reached skill level 15 in Alchemy
 25763 | Spider:1 | Found a glacial archway.
 25773 | IceCv    | Entered an ice cave
 25811 | IceCv    | Identified the +1 helmet of Ivigiw {rC++ rCorr}
 25949 | IceCv    | Reached skill level 15 in Fighting
 26009 | IceCv    | Noticed an Ice Fiend
 26031 | IceCv    | Killed an Ice Fiend
 26325 | IceCv    | Identified the +4 ring mail of Vuash {Rampage Str+4}
 26824 | Spider:1 | Noticed Roxanne
 26889 | Spider:1 | Killed Roxanne
 27210 | Spider:2 | Reached XP level 18. HP: 138/138 MP: 0/0
 28140 | Spider:3 | Reached skill level 15 in Armour
 28230 | Spider:3 | Identified the +11 rapier "Motsih" {spect, +Blink Int+5}
 28815 | Spider:3 | Found a runed translucent door.
 28815 | Spider:3 | Noticed realgeorgebush46's ghost (journeyman GrMo)
 28858 | Spider:3 | Killed realgeorgebush46's ghost
 28987 | Spider:4 | Entered Level 4 of the Spider Nest
 29851 | Spider:4 | Reached XP level 19. HP: 129/143 MP: 0/0
 29851 | Spider:4 | Learned a level 6 spell: Plasma Beam
 30129 | Spider:4 | Got a gossamer rune of Zot
 30418 | Swamp:1  | Entered Level 1 of the Swamp
 30427 | Swamp:1  | Reached skill level 1 in Evocations
 30978 | Swamp:1  | Reached skill level 5 in Evocations
 31063 | Swamp:1  | Noticed Donald
 31069 | Swamp:1  | Killed Donald
 32383 | Swamp:4  | Entered Level 4 of the Swamp
 32383 | Swamp:4  | Noticed Mlioglotl
 32433 | Swamp:4  | Killed Mlioglotl
 32545 | Swamp:4  | Reached skill level 10 in Evocations
 32585 | Swamp:4  | Reached XP level 20. HP: 133/149 MP: 0/0
 32697 | Swamp:4  | Got a decaying rune of Zot
 33186 | Elf:1    | Entered Level 1 of the Elven Halls
 33283 | Elf:1    | Noticed Nikola
 33288 | Elf:1    | Killed Nikola
 33644 | Elf:1    | Paralysed by an air elemental for 1 turns
 34004 | Elf:1    | Identified the +1 leather armour of Boust {Str-5 Int+3}
 34900 | Elf:2    | Found a magical portal.
 34906 | WizLab   | Entered The Roulette of Golubria
 34906 | WizLab   | Found a transporter.
 34909 | WizLab   | Found a corrupted altar of Lugonu.
 35071 | WizLab   | Found a transporter.
 35097 | WizLab   | Found a transporter.
 35146 | WizLab   | Found a transporter.
 35158 | WizLab   | Found a transporter.
 35186 | WizLab   | Found a corrupted altar of Lugonu.
 35191 | WizLab   | Found a transporter.
 35231 | WizLab   | Found the +1 cloak of Starlight {*Dazzle EV+4 Stlth--}
 35291 | WizLab   | Found a transporter.
 35327 | WizLab   | Found a transporter.
 35327 | WizLab   | Found a transporter.
 35341 | WizLab   | Found a transporter.
 35404 | WizLab   | Found a transporter.
 35734 | WizLab   | Identified the +0 cloak of Giept {^Contam rPois Str+3
                  | Int+2}
 35767 | WizLab   | Found a transporter.
 35902 | WizLab   | Found a transporter.
 35902 | WizLab   | Found a transporter.
 35903 | WizLab   | Found a corrupted altar of Lugonu.
 35920 | WizLab   | Found a corrupted altar of Lugonu.
 35971 | WizLab   | Found a transporter.
 35971 | WizLab   | Found a transporter.
 35980 | WizLab   | Reached XP level 21. HP: 129/157 MP: 0/0
 35980 | WizLab   | Learned a level 8 spell: Summon Horrible Things
 36090 | WizLab   | Found a transporter.
 36140 | WizLab   | Found a transporter.
 36140 | WizLab   | Found a transporter.
 36341 | Elf:2    | Paralysed by an air elemental for 1 turns
 36626 | Elf:2    | Found a runed translucent gate.
 36626 | Elf:2    | Found a runed translucent gate.
 36626 | Elf:2    | Found a runed translucent gate.
 37888 | Elf:3    | Entered Level 3 of the Elven Halls
 39068 | Elf:3    | Identified the amulet of Meavvaen {RegenMP Int+3 Stlth+}
 39087 | Elf:3    | Identified the +10 demon trident of Ferocious Guile {elec,
                  | Stlth+}
 39091 | Elf:3    | Identified the +0 great sword of Eternal War {venom, Will+}
 39099 | Elf:3    | Identified the +7 plate armour of Wariness {Int-2 Dex+5
                  | Stlth+}
 39102 | Elf:3    | Identified the ring of the Doge {rElec rPois}
 39121 | Elf:3    | Identified the staff of Fabulous Offence {rF+ rC+ Str-2
                  | SInv Earth}
 39147 | Elf:3    | Reached XP level 22. HP: 132/164 MP: 0/0
 39219 | Elf:3    | Found the +3 Mad Mage's Maulers {Infuse+∞ VampMP -Cast}
 39245 | Elf:3    | Identified the +8 spear of the Postmodern Ears {pain, Will+
                  | Str+2}
 39253 | Elf:3    | Identified the +8 sling "Hydraslayer" {flame, rElec rF-
                  | rN+}
 40410 | Vaults:1 | Entered Level 1 of the Vaults
 40501 | Vaults:1 | Identified the +3 robe "Bounite" {rC+ rN+ Dex-2}
 41125 | Vaults:1 | Noticed Boris
 41138 | Vaults:1 | Killed Boris
 42004 | Vaults:2 | Found Robrixka's Weapon Emporium.
 42511 | Vaults:2 | Reached XP level 23. HP: 169/169 MP: 0/0
 42511 | Vaults:2 | Learned a level 7 spell: Orb of Destruction
 44228 | Vaults:3 | Found Ficretz's Magic Scroll Shop.
 45171 | Vaults:3 | Found a staircase to the Crypt.
 46045 | Vaults:4 | Reached XP level 24. HP: 149/181 MP: 0/0
 47170 | D:8      | Acquired 545 gold pieces
 47183 | D:8      | Acquired an amulet of regeneration
 47184 | D:8      | Acquired the ring "Opnesk" {+Blink EV+5 Int+3}
 47544 | Vaults:5 | Entered Level 5 of the Vaults
 47558 | Vaults:5 | Noticed a dread lich
 47564 | Vaults:5 | Noticed an ancient lich
 47566 | Vaults:5 | Killed a dread lich
 47573 | Vaults:5 | Killed an ancient lich
 47597 | Vaults:5 | Noticed a dread lich
 47617 | Vaults:5 | Killed a dread lich
 47634 | Vaults:5 | Noticed a dread lich
 47662 | Vaults:5 | Killed a dread lich
 47713 | Vaults:5 | Reached skill level 15 in Shields
 47715 | Vaults:5 | Reached XP level 25. HP: 140/188 MP: 0/0
 47715 | Vaults:5 | Learned a level 8 spell: Ignition
 47733 | Vaults:5 | Identified the ring "Feqiuh" {rPois SInv}
 47918 | Vaults:5 | Identified the +3 leather armour of the Desert {rF- Str+8
                  | Dex+3}
 48389 | Vaults:5 | Noticed an ancient lich
 48395 | Vaults:5 | Killed an ancient lich
 48556 | Vaults:5 | Identified the +5 war axe "Setrax" {drain, Will+ Int+3}
 48617 | Vaults:5 | Identified the +2 leather armour "Wuxadec" {*Corrode rN+
                  | Str+6 Stlth+}
 48726 | Vaults:5 | Identified the +2 leather armour "Xawka" {+Inv Str+5 Int+5}
 48759 | Vaults:5 | Identified the staff "Hyfemet" {rPois Str+3 Alchemy}
 48772 | Vaults:5 | Got a silver rune of Zot
 50121 | D:3      | Killed reshaube's ghost
 50121 | D:3      | Killed samurai's ghost
 50121 | D:3      | Killed samurai's ghost
 50121 | D:3      | Killed 1313131's ghost
 50123 | D:3      | Killed samurai2's ghost
 50325 | D:11     | Killed bonegar's ghost
 50478 | Depths:1 | Entered Level 1 of the Depths
 50478 | Depths:1 | Noticed Norris
 50487 | Depths:1 | Killed Norris
 50734 | Depths:1 | Found a gateway to Hell.
 50772 | Depths:1 | Identified the +5 demon trident "Woreo" {drain, rC+ rN+
                  | Dex-2 Stlth+}
 50885 | Depths:1 | Noticed Boris
 50899 | Depths:1 | Killed Boris
 50968 | Depths:1 | Found a one-way gate leading to the halls of Pandemonium.
 51289 | Depths:1 | Found Zageinao's Jewellery Shoppe.
 51290 | Depths:1 | Found Moiqit's Book Boutique.
 51292 | Depths:1 | Found Qyroboid's Jewellery Shoppe.
 51419 | Depths:2 | Reached XP level 26. HP: 147/197 MP: 0/0
 51781 | Depths:2 | Found a sparkling altar of Nemelex Xobeh.
 51921 | Depths:2 | Found a transporter.
 51924 | Depths:2 | Noticed a juggernaut
 51928 | Depths:2 | Noticed Jeut's ghost (veteran MiFi)
 51936 | Depths:2 | Found a transporter.
 51936 | Depths:2 | Noticed a juggernaut
 52852 | Depths:4 | Entered Level 4 of the Depths
 52912 | Depths:4 | Noticed Vv
 53033 | Depths:4 | Killed Vv
 53185 | Depths:4 | Found a bloodstained altar of Trog.
 53206 | Depths:4 | Found a one-way gateway to a ziggurat.
 53938 | Depths:4 | Noticed Mennas
 54416 | Depths:4 | Killed Mennas
 54586 | Depths:4 | Found a gate to the Realm of Zot.
 54701 | Hell     | Entered the Vestibule of Hell
 54701 | Hell     | Noticed Geryon
 54711 | Hell     | Killed Geryon
 54750 | Hell     | Reached XP level 27. HP: 138/202 MP: 0/0
 54750 | Hell     | Learned a level 9 spell: Shatter
 54852 | Hell     | Found a gateway to the decaying netherworld of Tartarus.
 54898 | Hell     | Found a gateway to the freezing wastes of Cocytus.
 55164 | Hell     | Found a gateway to the Iron City of Dis.
 55378 | Hell     | Found a gateway to the ashen valley of Gehenna.
 55701 | Slime:1  | Entered Level 1 of the Pits of Slime
 56053 | Slime:2  | Gained mutation: Armour fits poorly on your strangely
                  | shaped body. [a shining eye]
 56770 | Slime:5  | Entered Level 5 of the Pits of Slime
 56825 | Slime:5  | Noticed the Royal Jelly
 57303 | Slime:5  | Found a viscous altar of Jiyva.
 57667 | Slime:5  | Killed the Royal Jelly
 57830 | Slime:5  | Got a slimy rune of Zot
 57833 | Slime:5  | Identified the +10 great mace "Riematz" {pain, rN++}
 57834 | Slime:5  | Identified the -1 pair of gloves of Lust {rC+ Dex+2}
 57878 | Slime:5  | Identified the ring of Nohaolui {rF- rN+ Str+2 SInv}
 57903 | Slime:5  | Identified the ring of Yzecyk {MP+9 Dex+3}
 57909 | Slime:5  | Identified the +10 rapier of Prudence {freeze, rF+ MP+9
                  | Str+4 Stlth+}
 57925 | Slime:5  | Lost mutation: Armour fits poorly on your strangely shaped
                  | body. [potion of mutation]
 57925 | Slime:5  | Gained mutation: You are dopey. (Int -2) [potion of
                  | mutation]
 57926 | Slime:5  | Lost mutation: You are dopey. (Int -2) [potion of mutation]
 57926 | Slime:5  | Gained mutation: Your mind is acute. (Int +4, Str/Dex -1)
                  | [potion of mutation]
 57926 | Slime:5  | Gained mutation: Your spells are a little easier to cast,
                  | but a little less powerful. [potion of mutation]
 57927 | Slime:5  | Lost mutation: Your spells are a little easier to cast, but
                  | a little less powerful. [potion of mutation]
 57927 | Slime:5  | Lost mutation: Your mind is acute. (Int +4, Str/Dex -1)
                  | [potion of mutation]
 57927 | Slime:5  | Gained mutation: You passively map a small area around you.
                  | [potion of mutation]
 57927 | Slime:5  | Gained mutation: You are resistant to electric shocks.
                  | (rElec) [potion of mutation]
 57927 | Slime:5  | Gained mutation: You are dopey. (Int -2) [potion of
                  | mutation]
 57942 | Slime:5  | Identified the +4 long sword of the Lusting Gods {freeze,
                  | ^Fragile Will- rCorr Str+9}
 58451 | Crypt:1  | Entered Level 1 of the Crypt
 58556 | Crypt:1  | Noticed Boris
 58571 | Crypt:1  | Killed Boris
 58873 | Crypt:1  | Found a runed translucent gate.
 58873 | Crypt:1  | Found a runed translucent gate.
 58873 | Crypt:1  | Found a runed translucent gate.
 58903 | Crypt:1  | Found a runed translucent gate.
 58903 | Crypt:1  | Found a runed translucent gate.
 58903 | Crypt:1  | Found a runed translucent gate.
 58908 | Crypt:1  | Noticed Waammiq's ghost (veteran GrEE)
 58925 | Crypt:1  | Killed Waammiq's ghost
 59468 | Crypt:1  | Acquired a manual of Shields
 59766 | Crypt:2  | Identified the +6 long sword of the Unseen Realm {heavy,
                  | *Rage rPois SInv Stlth+}
 60158 | Crypt:3  | Entered Level 3 of the Crypt
 60471 | Crypt:3  | Found a basalt altar of Yredelemnul.
 60587 | Crypt:3  | Identified the +8 trident of Avant Garde Innocence {vamp,
                  | rElec rN+ Int+3}
 60587 | Crypt:3  | Identified the ring of Ehucidoif {rElec rN+ Slay+3}
 60725 | Crypt:3  | Identified the ring of Latzaur {rPois rN+}
 60734 | Crypt:3  | Identified the staff "Jofoiwue" {rPois rF+ rC+ Int+2
                  | Alchemy}
 60734 | Crypt:3  | Identified the death talisman of the Hecatoncheires {rF+
                  | Str+5}
 60740 | Crypt:3  | Identified the ring "Waism" {rPois Int+6 Dex+3}
 61304 | Crypt:3  | Found a staircase to the Tomb.
 61760 | Crypt:3  | Identified the +3 arbalest of the Feather {speed, rPois}
 61763 | Crypt:3  | Identified the +1 chain mail of Analysis {-Cast rElec rPois
                  | Stlth+}
 62613 | Depths:3 | Voluntarily entered the Abyss.
 62631 | Abyss:1  | Found a corrupted altar of Lugonu.
 62713 | Abyss:1  | Found a corrupted altar of Lugonu.
 62715 | Abyss:1  | Found a corrupted altar of Lugonu.
 62964 | Abyss:2  | Found a corrupted altar of Lugonu.
 63028 | Abyss:2  | Found a corrupted altar of Lugonu.
 63209 | Abyss:3  | Found a corrupted altar of Lugonu.
 63245 | Abyss:3  | Reached skill level 27 in Spellcasting
 63245 | Abyss:3  | Reached skill level 27 in Conjurations
 63245 | Abyss:3  | Reached skill level 27 in Hexes
 63245 | Abyss:3  | Reached skill level 27 in Summonings
 63245 | Abyss:3  | Reached skill level 27 in Necromancy
 63245 | Abyss:3  | Reached skill level 27 in Translocations
 63245 | Abyss:3  | Reached skill level 27 in Fire Magic
 63245 | Abyss:3  | Reached skill level 27 in Ice Magic
 63245 | Abyss:3  | Reached skill level 27 in Air Magic
 63245 | Abyss:3  | Reached skill level 27 in Earth Magic
 63245 | Abyss:3  | Reached skill level 27 in Alchemy
 63268 | Depths:3 | Escaped the Abyss
 63361 | Depths:3 | Voluntarily entered the Abyss.
 63361 | Abyss:3  | Found a corrupted altar of Lugonu.
 63398 | Abyss:4  | Noticed an ancient lich
 63406 | Abyss:4  | Killed an ancient lich
 63419 | Abyss:5  | Found a corrupted altar of Lugonu.
 63446 | Abyss:5  | Got an abyssal rune of Zot
 63557 | Depths:3 | Escaped the Abyss
 63717 | Coc:1    | Entered Level 1 of Cocytus
 63904 | Coc:2    | Paralysed by a wendigo for 1 turns
 63987 | Coc:3    | Reached skill level 15 in Dodging
 64038 | Coc:3    | Noticed a shard shrike
 64039 | Coc:3    | Noticed a shard shrike
 64040 | Coc:3    | Noticed a shard shrike
 64041 | Coc:3    | Killed a shard shrike
 64043 | Coc:3    | Killed a shard shrike
 64043 | Coc:3    | Noticed a shard shrike
 64044 | Coc:3    | Killed a shard shrike
 64048 | Coc:3    | Killed a shard shrike
 64145 | Coc:4    | Noticed a shard shrike
 64146 | Coc:4    | Noticed a shard shrike
 64148 | Coc:4    | Noticed a shard shrike
 64149 | Coc:4    | Noticed a shard shrike
 64149 | Coc:4    | Noticed a shard shrike
 64149 | Coc:4    | Noticed a shard shrike
 64151 | Coc:4    | Killed a shard shrike
 64151 | Coc:4    | Killed a shard shrike
 64152 | Coc:4    | Noticed a shard shrike
 64153 | Coc:4    | Killed a shard shrike
 64153 | Coc:4    | Killed a shard shrike
 64155 | Coc:4    | Noticed a shard shrike
 64156 | Coc:4    | Killed a shard shrike
 64156 | Coc:4    | Killed a shard shrike
 64157 | Coc:4    | Killed a shard shrike
 64158 | Coc:4    | Reached skill level 5 in Shapeshifting
 64158 | Coc:4    | Killed a shard shrike
 64160 | Coc:4    | Paralysed by a wendigo for 1 turns
 64429 | Coc:6    | Noticed a shard shrike
 64429 | Coc:6    | Noticed a shard shrike
 64429 | Coc:6    | Noticed a shard shrike
 64433 | Coc:6    | Killed a shard shrike
 64435 | Coc:6    | Killed a shard shrike
 64436 | Coc:6    | Killed a shard shrike
 64451 | Coc:6    | Noticed a shard shrike
 64451 | Coc:6    | Noticed a shard shrike
 64452 | Coc:6    | Noticed a shard shrike
 64453 | Coc:6    | Noticed a shard shrike
 64455 | Coc:6    | Killed a shard shrike
 64455 | Coc:6    | Killed a shard shrike
 64456 | Coc:6    | Killed a shard shrike
 64457 | Coc:6    | Killed a shard shrike
 64500 | Coc:7    | Entered Level 7 of Cocytus
 64509 | Coc:7    | Reached skill level 10 in Shapeshifting
 64621 | Coc:7    | Noticed a shard shrike
 64623 | Coc:7    | Noticed a shard shrike
 64626 | Coc:7    | Killed a shard shrike
 64627 | Coc:7    | Killed a shard shrike
 64679 | Coc:7    | Noticed a shard shrike
 64684 | Coc:7    | Killed a shard shrike
 64770 | Coc:7    | Noticed a shard shrike
 64779 | Coc:7    | Identified the death talisman of the Eternal Void {rCorr
                  | Str-3 Stlth+}
 64804 | Coc:7    | Noticed a shard shrike
 64809 | Coc:7    | Killed a shard shrike
 64835 | Coc:7    | Paralysed by a wendigo for 1 turns
 64920 | Coc:7    | Killed a shard shrike
 65119 | Coc:7    | Noticed a shard shrike
 65131 | Coc:7    | Killed a shard shrike
 65141 | Coc:7    | Noticed a shard shrike
 65143 | Coc:7    | Killed a shard shrike
 65177 | Coc:7    | Noticed a shard shrike
 65178 | Coc:7    | Noticed a shard shrike
 65182 | Coc:7    | Killed a shard shrike
 65182 | Coc:7    | Killed a shard shrike
 65194 | Coc:7    | Noticed a shard shrike
 65196 | Coc:7    | Killed a shard shrike
 65289 | Coc:7    | Noticed a shard shrike
 65292 | Coc:7    | Killed a shard shrike
 65356 | Coc:7    | Noticed Antaeus
 65406 | Coc:7    | Killed Antaeus
 65407 | Coc:7    | Reached skill level 15 in Shapeshifting
 65578 | Coc:7    | Got an icy rune of Zot
 65585 | Coc:7    | Identified the +10 executioner's axe of Courage {venom,
                  | rElec rCorr Int+3}
 65631 | Coc:7    | Noticed a shard shrike
 65635 | Coc:7    | Killed a shard shrike
 66302 | Geh:1    | Entered Level 1 of Gehenna
 66493 | Pan      | Entered Pandemonium
 66790 | Pan      | Noticed Xufoest the pandemonium lord
 66795 | Pan      | Killed Xufoest the pandemonium lord
 67233 | Pan      | Noticed Sios the pandemonium lord
 67239 | Pan      | Killed Sios the pandemonium lord
 67384 | Pan      | Found an exit through the horrors of the Abyss.
 67404 | Pan      | Noticed Tiss the pandemonium lord
 67413 | Pan      | Killed Tiss the pandemonium lord
 67636 | Pan      | Identified the +0 ring mail of Spaghetti {Rampage +Blink
                  | rPois Str-2}
 68339 | Pan      | Noticed Otiahah the pandemonium lord
 68406 | Pan      | Found an exit through the horrors of the Abyss.
 68547 | Pan      | Took an exit into the Abyss.
 68547 | Abyss:5  | Escaped into the Abyss
 68562 | Depths:1 | Escaped the Abyss
 69069 | Lair:5   | Voluntarily entered the Abyss.
 69092 | Lair:5   | Escaped the Abyss
 69094 | Lair:5   | Voluntarily entered the Abyss.
 69117 | Lair:5   | Escaped the Abyss
 69493 | Depths:3 | Voluntarily entered the Abyss.
 69500 | Abyss:5  | Found a corrupted altar of Lugonu.
 69691 | Abyss:5  | Found a corrupted altar of Lugonu.
 69766 | Depths:3 | Escaped the Abyss
 69854 | Depths:3 | Voluntarily entered the Abyss.
 69888 | Abyss:5  | Found a corrupted altar of Lugonu.
 69939 | Abyss:5  | Gained mutation: Your spells are a little easier to cast,
                  | but a little less powerful. [a neqoxec]
 69962 | Depths:3 | Escaped the Abyss
 69964 | Depths:3 | Lost mutation: You are resistant to electric shocks.
                  | (rElec) [potion of mutation]
 69964 | Depths:3 | Lost mutation: You are very dopey. (Int -4) [potion of
                  | mutation]
 69964 | Depths:3 | Gained mutation: Potions are less effective at restoring
                  | your health. [potion of mutation]
 69964 | Depths:3 | Lost mutation: You passively map a small area around you.
                  | [potion of mutation]
 69964 | Depths:3 | Gained mutation: You have a somewhat thin skeletal
                  | structure. (Dex +2, Stealth+) [potion of mutation]
 69965 | Depths:3 | Lost mutation: Your spells are a little easier to cast, but
                  | a little less powerful. [potion of mutation]
 69965 | Depths:3 | Lost mutation: Potions are less effective at restoring your
                  | health. [potion of mutation]
 69965 | Depths:3 | Lost mutation: You have a somewhat thin skeletal structure.
                  | (Dex +2, Stealth+) [potion of mutation]
 69965 | Depths:3 | Gained mutation: You have hidden genetic defects. [potion
                  | of mutation]
 69965 | Depths:3 | Lost mutation: You have hidden genetic defects. [potion of
                  | mutation]
 69965 | Depths:3 | Gained mutation: Your movements are slightly less
                  | encumbered by armour. (ER -2) [potion of mutation]
 70033 | Zot:1    | Entered Level 1 of the Realm of Zot
 70457 | Zot:1    | Found Nawarphi's Changing Room.
 70649 | Zot:1    | Noticed an orb of fire
 70655 | Zot:1    | Killed an orb of fire
 71292 | Zot:2    | Noticed an orb of fire
 71293 | Zot:2    | Gained mutation: You sometimes lose your temper in combat.
                  | [an orb of fire]
 71300 | Zot:2    | Gained mutation: Potions are less effective at restoring
                  | your health. [an orb of fire]
 71302 | Zot:2    | Killed an orb of fire
 72427 | Zot:4    | Noticed an orb of fire
 72436 | Zot:3    | Killed an orb of fire
 74140 | Geh:2    | You are sucked into a shaft and drop 1 floor!
 74398 | Geh:4    | Noticed a dread lich
 74403 | Geh:4    | Killed a dread lich
 75429 | Geh:7    | Entered Level 7 of Gehenna
 75613 | Geh:7    | Noticed the Serpent of Hell
 75648 | Geh:7    | Killed from afar by the Serpent of Hell

Illustrated notes

Levels and vault maps discovered:
D:1:      lemuel_arrival_behind_the_door_small, layout_basic
D:2:      layout_basic
D:3:      layout_loops_cross, mainiacjoe_overflow_brackets, serial_aquarium,
          aquarium_bridge_island_small [aquarium_subvault_small_water,
          aquarium_subvault_wall, aquarium_subvault_window,
          aquarium_subvault_wall, aquarium_subvault_bridge],
          aquarium_bridge_straight [aquarium_subvault_bridge,
          aquarium_subvault_window, aquarium_subvault_bridge,
          aquarium_subvault_window], aquarium_window_corridor_3,
          aquarium_window_1, aquarium_window_2, aquarium_view_2d,
          aquarium_balcony_1b, chequers_ecumenical_altar_grove,
          gammafunk_ghost_cemetery
D:4:      layout_basic
D:5:      layout_loops_cross, mainiacjoe_overflow_concentric_impassable,
          uniq_blork_the_orc
D:6:      layout_basic
D:7:      layout_basic, nicolae_ru_awakened_eye,
          minmay_temple_entry_gardened_gates, nicolae_ossuary_entry_catacombs
D:8:      layout_basic, regret_index_kikubaaqudgha_part_by_part, tso_metal_star,
          mainiacjoe_overflow_six_doors_small, due_lair_maze_entry_diamond,
          hangedman_decor_opposing
D:9:      layout_long_grid, nicolae_wu_jian_glorious_leap, xom_teletrap_fun,
          uniq_pikel, uniq_joseph
D:10:     minmay_opposing_rooms, layout_long_grid, makhleb_altar_promises_db,
          orc_0_dummy, serial_shops, nicolae_shop_peninsula
D:11:     layout_layer_cave, gammafunk_ghost_stat_death,
          amcnicky_mini_pool_small, einodemon_armed_red_devil_minivault
D:12:     layout_loops_ring, chequers_serial_rivers_large_b,
          minmay_stone_trees_small, nicolae_shop_unique_rings
D:13:     layout_basic, ximxim_vaults_locker_room, nicolae_stop_n_shop_1,
          uniq_jorgrun, uniq_frances, uniq_azrael
D:14:     layout_big_octagon, reono_crystal_passage
D:15:     grunt_enter_depths_magical_seal, layout_loops_corners,
          chequers_serial_rivers_micro_a, minmay_misc_feat_square,
          small_statue_alley_a
Temple:   nicolae_temple_bog_church
Lair:1:   layout_cave_pods, grunt_forest_small_clearing_treed, uniq_amaemon
Lair:2:   layout_gridlike, nicolae_spider_entry_non_spiders,
          nicolae_quartered_pool_medium
Lair:3:   cheibrodos_lair_overgrown_chateau, layout_loops_ring,
          nicolae_swamp_entry_splash_gauntlet, dpeg_oklob_1, lemuel_fruit_tree,
          infiniplex_staircase_pool_2
Lair:4:   layout_regular_city, uniq_kirke, uniq_rupert, uniq_sonja
Lair:5:   hellmonk_lair_end_abyssal_woods, layout_misc_corridors,
          nicolae_slime_entry_field_trip, serial_forest,
          infiniplex_forest_clump_diagonal, infiniplex_forest_clump_curved,
          infiniplex_forest_side_room, infiniplex_forest_clump_long,
          infiniplex_forest_zigzag_2, infiniplex_forest_zigzag_2,
          infiniplex_forest_end_2, nicolae_volcano_entry_s_turn,
          minmay_lair_oklob_bushes, pdpol_lair_neglected_garden
Swamp:1:  nicolae_swamp_ascending_descending_big, layout_basic_swamp,
          nicolae_swamp_trees_clearing, swamp_pool_4, st_swamp_ruins_1,
          uniq_donald
Swamp:2:  layout_basic_swamp, nicolae_swamp_decorative_isthmus
Swamp:3:  layout_falls_marsh, evilmike_swamp_ruin_rubble_2,
          nicolae_swamp_catching_bugs
Swamp:4:  swamp, layout_basic_swamp, uniq_mlioglotl
Spider:1: nicolae_spider_mines_2, portal_ice_cave_entry_dragon, uniq_roxanne
Spider:2: layout_spider_delve
Spider:3: layout_spider_delve, ebering_ghost_inner_flame,
          nicolae_spider_eight_legs
Spider:4: hellmonk_spider_rune_bug_friends, nicolae_spider_scorpion_nest
Slime:1:  layout_caves
Slime:2:  layout_caves
Slime:3:  layout_caves
Slime:4:  layout_caves, cheibrodos_slime_lost_civilization_4
Slime:5:  slime_pit_nicolae_block_by_block
Orc:1:    layout_caves, okawaru_metal_pillars_1_2
Orc:2:    st_orc_mages, layout_caves, serial_shops, shop, basic_altar,
          uniq_josephine
Elf:1:    nicolae_elf_arrival_no_cutting_in_line, layout_gridlike,
          minmay_elf_annihilation, grunt_ministairs_2, uniq_nikola
Elf:2:    nicolae_elf_blades_crystal_corner, layout_gridlike, mu_enter_wizlab_7
Elf:3:    minmay_elf_hall, layout_gridlike, grunt_megastairs_4
Vaults:1: v_misc_27, ontoclasm_vaults_ring_square, vaults_dpeg_emergency_exit,
          hangedman_vaults_locks, nicolae_vaults_security_offices_1,
          nicolae_vaults_twisting_passages, vaults_room_grunt_arrival_ludios,
          nicolae_vaults_border_crossing, grunt_vaults_swirl,
          ontoclasm_vaults_tryst, grunt_vaults_hallway_long,
          vaults_dpeg_diagonal, layout_vaults_ring, uniq_boris
Vaults:2: nicolae_vaults_wrenched, nicolae_vaults_alarming,
          nicolae_vaults_little_squares_5, nicolae_vaults_mitosis,
          hangedman_vaults_maws, nicolae_vaults_offset_grid_hallway_3,
          nicolae_vaults_big_ls, nicolae_vaults_sealed_display,
          nicolae_vaults_surprise_closet_hard, layout_vaults_omnigrid,
          serial_shops, nicolae_shop_bloodbath_and_beyond
Vaults:3: serial_ice_h, nicolae_vaults_specimen_jars,
          nicolae_vaults_murder_corner, vaults_room_fours, v_misc_1,
          ontoclasm_vaults_chip, vaults_room_fours, grunt_vaults_focal,
          nicolae_vaults_little_squares_4, nicolae_vaults_network_s,
          nicolae_vaults_heart-shaped_vault, minmay_crypt_entry_simple_corners,
          layout_vaults_omnibox, serial_shops, shop
Vaults:4: nicolae_vaults_door_testing_chamber, v_misc_24,
          nicolae_vaults_stairing_the_circle, v_rooms_3, v_misc_14, v_misc_11,
          hangedman_vaults_pinch, nicolae_vaults_surprise_closet,
          nicolae_vaults_know_your_exits, vaults_mumra_chevron,
          nicolae_vaults_trapezoid_lopsided_1, layout_vaults_omnicross
Vaults:5
Crypt:1:  layout_basic, ebering_ghost_rock_garden, pandoras_box_mu
Crypt:2:  layout_gridlike
Crypt:3:  evilmike_haunted_forest
Depths:1: layout_roguey, pan_entry, roderic_roman_lattice, hell_entry,
          wad_dig_loot, roderic_lattice_octagonal_star, minmay_shop_grove,
          uniq_norris
Depths:2: minmay_crescents, layout_gridville, rand_demon_pan_entry_5,
          gammafunk_ghost_wrathful_warriors, nemelex_lonely_heart_becter,
          lightli_too_deep
Depths:3: minmay_curly_fans, layout_basic, abyss_entry_crystal, pf_coc_iceberg
Depths:4: evilmike_zot_entry_round, layout_basic, enter_ziggurat_d,
          nicolae_twisting_strands, grunt_hell_entry_dis_old, bloody_trog,
          serial_bayou_shore_b, uniq_vv, uniq_mennas
Hell
Geh:1:    nicolae_geh_erupted_tower, layout_gehenna_lava_caves
Geh:2:    layout_gehenna_lava_caves
Geh:3:    layout_gehenna_lava_caves
Geh:4:    layout_gehenna_pools_basic
Geh:5:    layout_gehenna_lava_caves
Geh:6:    layout_gehenna_pools_basic, hangedman_hellfire_club
Geh:7:    geh_hangedman
Coc:1:    layout_ice_bergs
Coc:2:    layout_cocytus_delve, nicolae_hells_seeping_fissure
Coc:3:    layout_ice_bergs
Coc:4:    layout_cocytus_water_paths
Coc:5:    layout_cocytus_water_paths
Coc:6:    layout_cocytus_water_paths
Coc:7:    coc_hangedman
Zot:1:    layout_gridlike, hangedman_zot_decor_scrapings,
          nicolae_transmutations_shop, grunt_megastairs_2
Zot:2:    layout_misc_corridors
Zot:3:    layout_onion_interference
Zot:4:    layout_misc_corridors, regret_index_zotdec_fiery_em,
          regret_index_zotdec_serpentine_scales

Skill      XL: |  1  2  3  4  5  6  7  8  9 10 11 12 13 14 15 16 17 18 19 20 21 22 23 24 25 26 27 |
---------------+----------------------------------------------------------------------------------+-----
Spellcasting   | 4 5 6 7 9 10 12 13 14 15 16 17 18 20 21 23 27 | 27.0
Conjurations   | 4 5 6 7 9 10 12 13 14 15 16 17 18 20 21 23 27 | 27.0
Hexes          | 4 5 6 7 9 10 12 13 14 15 16 17 18 20 21 23 27 | 27.0
Summonings     | 4 5 6 7 9 10 12 13 14 15 16 17 18 20 21 23 27 | 27.0
Necromancy     | 4 5 6 7 9 10 12 13 14 15 16 17 18 20 21 23 27 | 27.0
Translocations | 4 5 6 7 9 10 12 13 14 15 16 17 18 20 21 23 27 | 27.0
Fire Magic     | 4 5 6 7 9 10 12 13 14 15 16 17 18 20 21 23 27 | 27.0
Ice Magic      | 4 5 6 7 9 10 12 13 14 15 16 17 18 20 21 23 27 | 27.0
Air Magic      | 4 5 6 7 9 10 12 13 14 15 16 17 18 20 21 23 27 | 27.0
Earth Magic    | 4 5 6 7 9 10 12 13 14 15 16 17 18 20 21 23 27 | 27.0
Alchemy        | 4 5 6 7 9 10 12 13 14 15 16 17 18 20 21 23 27 | 27.0
Armour         | 4 7 8 9 12 13 15 16 17 18 21 | 21.0
Fighting       | 3 8 9 12 13 15 16 18 19 21 | 21.6
Dodging        | 6 8 10 12 13 14 16 | 16.0
Invocations    | 6 |  6.0
Shields        | 9 10 11 15 | 15.0
Evocations     | 10 12 | 12.0
Shapeshifting  | 23 | 23.0
Stealth        | |  1.5

Action                     |  1- 3 |  4- 6 |  7- 9 | 10-12 | 13-15 | 16-18 | 19-21 | 22-24 | 25-27 || total
---------------------------+-------+-------+-------+-------+-------+-------+-------+-------+-------++-------
  Melee: Whip              |       |       |       |     4 |       |       |       |       |       ||     4
         Demon whip        |       |       |       |       |    72 |       |       |       |       ||    72
         Punch             |       |       |       |       |     1 |       |       |       |       ||     1
         Dagger            |       |       |       |       |       |     2 |       |       |       ||     2
         Rapier            |       |       |       |       |       |     1 |       |       |       ||     1
         Staff             |       |       |       |       |       |       |       |     2 |     2 ||     4
         War axe           |       |       |       |       |       |       |       |       |     2 ||     2
         Trident           |       |       |       |       |       |       |       |       |     2 ||     2
  Throw: Dart              |       |     3 |       |       |       |       |       |       |       ||     3
         Throwing net      |       |       |       |       |       |       |       |       |     1 ||     1
   Cast: Magic Dart        |    71 |   107 |    65 |   119 |   346 |   414 |    86 |    54 |     8 ||  1270
         Searing Ray       |     1 |     7 |     4 |     4 |     1 |       |       |       |       ||    17
         Summon Small Mamm |     1 |     3 |       |       |       |       |       |       |       ||     4
         Ensorcelled Hiber |       |     4 |       |       |       |       |       |       |       ||     4
         Fulminant Prism   |       |       |    37 |   110 |    92 |    45 |    22 |    12 |    19 ||   337
         Call Imp          |       |       |     8 |     4 |       |       |       |       |       ||    12
         Iskenderun's Myst |       |       |    30 |    67 |   200 |   221 |   120 |   101 |   375 ||  1114
         Martyr's Knell    |       |       |       |     4 |     1 |     1 |       |     2 |       ||     8
         Iskenderun's Batt |       |       |       |       |    88 |   108 |   103 |    92 |   256 ||   647
         Starburst         |       |       |       |       |     5 |   139 |    16 |     3 |    12 ||   175
         Enfeeble          |       |       |       |       |       |     6 |    17 |    54 |   111 ||   188
         Plasma Beam       |       |       |       |       |       |       |   325 |   348 |  1022 ||  1695
         Orb of Destructio |       |       |       |       |       |       |       |    10 |   591 ||   601
         Summon Horrible T |       |       |       |       |       |       |       |     3 |     2 ||     5
         Ignition          |       |       |       |       |       |       |       |       |   188 ||   188
         Shatter           |       |       |       |       |       |       |       |       |   315 ||   315
Ability: Begin Untransform |       |       |       |       |       |       |       |       |     2 ||     2
         Evoke Blink       |       |       |       |       |       |       |       |       |     2 ||     2
  Evoke: Wand              |       |       |       |     2 |       |     1 |       |       |    15 ||    18
         Phantom mirror    |       |       |       |       |       |       |       |     1 |     3 ||     4
         Tin of tremorston |       |       |       |       |       |       |       |     1 |     1 ||     2
         Phial of floods   |       |       |       |       |       |       |       |       |     1 ||     1
    Use: Scroll            |       |     5 |     4 |     8 |     9 |     2 |     5 |     7 |    16 ||    56
         Potion            |       |       |       |       |       |       |     4 |    10 |    16 ||    30
 Armour: Robe              |     5 |     5 |     7 |    29 |    35 |    70 |    13 |       |       ||   164
         Scale mail        |       |       |       |       |       |       |    44 |       |       ||    44
         Ring mail         |       |       |       |       |       |       |       |    49 |     5 ||    54
         Quicksilver drago |       |       |       |       |       |       |       |       |   335 ||   335
  Dodge: Dodged            |     4 |     5 |     4 |    26 |    22 |    41 |    32 |    41 |   214 ||   389
  Block: Other             |       |       |       |       |     4 |       |       |       |       ||     4
         Reflection        |       |       |       |       |     7 |    15 |    16 |    17 |    23 ||    78
         Kite shield       |       |       |       |       |    12 |    70 |    52 |    34 |       ||   168
         Tower shield      |       |       |       |       |       |       |       |     6 |   394 ||   400
   Form: Death             |       |       |       |       |       |       |       |       |     3 ||     3
